AoeStats
← Malcolm Little

Black Forest

509009231Analyzed
4v4 RM · 6d ago on Sep 25, 2026· 43m 39s· 8 players
Game mode
Random Map
Map size
Large (8 player)
Population
200
Speed
Normal
Resources
Standard
Victory
Conquest
Starting age
Dark Age
Ending age
Imperial Age
RankedLock teamsTeams togetherTeam positionsShared explorationLock speedFull tech treeHidden civsTurbo modeCheats
Victory
Defeat
🇹🇼 Hindustanis · Taiwan
1521
+12
🇦🇷 Malay · Argentina
1490
+14
🇯🇵 Spanish · Japan
1453
+15
🇹🇷 Danes · Türkiye
1442
+16
🇨🇦 Britons · Canada
1459
-15
🇲🇽 Khmer · Mexico
1455
-15
🇩🇴 Celts · Dominican Republic
1435
-14
🇦🇷 Berbers · Argentina
1409
-13
BUCKFUTTER
10:00 Loom
13:41 Feudal Age
15:26 Double-Bit Axe
16:51 Fishing Lines
19:36 Gold Mining
19:37 Stone Mining
22:02 Castle Age
23:34 Bow Saw
23:21 Gillnets
27:04 Imperial Age
25:29 Fletching
26:58 Ballistics
28:33 Bodkin Arrow
29:09 Padded Archer Armor
29:13 Warwolf
29:14 Elite Longbowman
30:17 Conscription
30:36 Wheelbarrow
29:46 Town Watch
31:38 Chemistry
31:54 Bracer
32:25 Leather Archer Armor
33:26 Masonry
32:51 Pikeman
33:31 Squires
33:32 Scale Mail Armor
34:03 Ring Archer Armor
33:43 Forging
34:54 Architecture
35:19 Halberdier
39:12 Chain Mail Armor
39:33 Iron Casting
40:33 Yeomen
BTJ | Dr Colageno
0:25 Loom
13:52 Feudal Age
17:32 Castle Age
16:32 Double-Bit Axe
18:25 Bow Saw
18:07 Town Watch
20:24 Fletching
20:34 Crossbowman
21:23 Bodkin Arrow
21:41 Stone Mining
23:28 Horse Collar
27:06 Wheelbarrow
30:46 Gold Mining
31:51 Hand Cart
34:14 Imperial Age
32:24 Scale Barding Armor
32:31 Forging
33:43 Chain Barding Armor
33:35 Bloodlines
33:25 Husbandry
33:50 Chain Barding Armor
34:41 Iron Casting
34:07 Heavy Plow
34:38 Heavy Camel Rider
34:39 Cavalier
36:01 Plate Barding Armor
36:39 Chemistry
38:15 Gold Shaft Mining
Malcolm Little
10:57 Feudal Age
15:54 Castle Age
14:46 Double-Bit Axe
15:00 Fishing Lines
16:50 Bow Saw
17:34 Gillnets
20:28 Wheelbarrow
22:35 Horse Collar
25:19 Hand Cart
25:21 Gold Mining
25:32 Heavy Plow
29:49 Imperial Age
29:17 Forging
29:08 Scale Mail Armor
29:50 Gold Shaft Mining
29:05 Loom
29:06 Town Watch
30:43 Iron Casting
30:23 Masonry
30:35 Siege Engineers
31:10 Chain Mail Armor
31:00 Pikeman
31:30 Arson
31:31 Gambesons
32:54 Chemistry
31:53 Stone Mining
32:25 Town Patrol
31:47 Halberdier
33:50 Blast Furnace
33:21 Plate Mail Armor
32:54 Capped Ram
32:55 Onager
34:27 Stone Shaft Mining
33:28 Heavy Scorpion
34:27 Siege Ram
35:30 Siege Onager
thefacelessz12
0:35 Loom
10:28 Feudal Age
15:51 Castle Age
15:40 Double-Bit Axe
16:25 Town Watch
23:24 Fishing Lines
29:05 Gillnets
30:00 Wheelbarrow
33:28 Imperial Age
31:12 Bow Saw
31:23 Horse Collar
31:34 Gold Mining
31:35 Stone Mining
33:21 Hand Cart
33:06 Town Patrol
33:46 Gold Shaft Mining
33:12 Heavy Plow
34:15 Double Crossbow
35:13 Ballistics
34:34 Light Cavalry
35:22 Husbandry
35:32 Bloodlines
34:54 Capped Ram
35:47 Siege Engineers
36:13 Heavy Scorpion
37:09 Heavy Scorpion
37:18 Hussar
tktk
11:52 Feudal Age
12:52 Double-Bit Axe
12:58 Fishing Lines
15:43 Castle Age
14:04 Horse Collar
16:34 Bow Saw
19:00 Wheelbarrow
20:01 Loom
22:54 Hand Cart
22:45 Gillnets
24:01 Gold Mining
24:12 Heavy Plow
24:03 Stone Mining
29:21 Imperial Age
27:11 Scale Barding Armor
27:17 Forging
27:46 Stone Shaft Mining
27:29 Town Watch
28:24 Bloodlines
28:14 Husbandry
28:36 Chain Barding Armor
29:41 Iron Casting
29:42 Cavalier
30:59 Plate Barding Armor
31:27 Coinage
31:08 Guilds
32:26 Blast Furnace
32:43 Banking
32:09 Paladin
33:20 Caravan
35:11 Two-Man Saw
34:29 Fletching
34:40 Padded Archer Armor
39:11 Town Patrol
39:36 Bodkin Arrow
39:57 Leather Archer Armor
39:42 Scale Mail Armor
39:56 Masonry
40:07 Ballistics
Roooooooo
1:24 Loom
11:51 Feudal Age
12:59 Double-Bit Axe
15:39 Castle Age
13:24 Horse Collar
17:45 Bow Saw
18:43 Wheelbarrow
24:19 Fishing Lines
25:07 Gold Mining
26:10 Gillnets
26:54 Hand Cart
26:25 Town Watch
30:40 Imperial Age
31:29 Scale Barding Armor
31:34 Forging
32:37 Chemistry
31:58 Ballistics
32:21 Conscription
32:02 Shatagni
34:18 Gold Shaft Mining
33:50 Caravan
34:43 Siege Engineers
35:21 Chain Barding Armor
35:36 Iron Casting
40:02 Town Patrol
41:05 Two-Man Saw
40:18 Masonry
40:03 Murder Holes
40:18 Fortified Wall
39:59 Guard Tower
40:19 Clinker Construction
40:40 Stone Mining
40:51 Heavy Plow
40:20 Siege Elephant
41:49 Scale Mail Armor
42:50 Blast Furnace
41:51 Padded Archer Armor
41:41 Fletching
42:03 Thumb Ring
43:40 Stone Shaft Mining
43:44 Plate Barding Armor
42:40 Elite Skirmisher
42:41 Crossbowman
43:42 Careening
MinorCloud9519
0:52 Loom
11:06 Feudal Age
13:10 Town Watch
16:40 Castle Age
15:23 Double-Bit Axe
16:05 Stone Mining
20:03 Wheelbarrow
19:40 Fishing Lines
22:02 Gold Mining
22:24 Gillnets
24:08 Bow Saw
32:28 Imperial Age
32:45 Hand Cart
32:30 Onager
33:44 Conscription
34:28 Chemistry
33:03 Pikeman
34:15 Siege Engineers
34:32 Halberdier
35:13 Squires
35:14 Northmen's Fury
37:06 Gambesons
37:36 Caravan
38:21 Scale Mail Armor
38:31 Forging
39:42 Chain Mail Armor
39:20 Fletching
40:17 Siege Onager
40:54 Arson
41:03 Capped Ram
42:25 Siege Ram
Tonguera
11:34 Feudal Age
15:51 Castle Age
14:09 Double-Bit Axe
14:07 Fishing Lines
15:47 Bow Saw
15:30 Gillnets
20:36 Stone Mining
23:14 Wheelbarrow
22:44 Gold Mining
23:21 Horse Collar
25:12 Heavy Plow
29:04 Imperial Age
26:58 Scale Barding Armor
27:04 Forging
26:53 Loom
28:33 Gold Shaft Mining
28:34 Husbandry
29:10 Iron Casting
29:00 Conscription
29:23 Crop Rotation
28:45 Town Watch
30:18 Hand Cart
31:23 Blast Furnace
30:07 Elite Battle Elephant
39:05 Stone Shaft Mining
Connection lost

Rejoining the realm…

Still unreachable

The connection could not be restored.

Session expired

The server has moved on; the page needs a fresh start.